 Dungeon Crawl Stone Soup version 0.27.1 (webtiles) character file.

Game seed: 7704363250414790940

3012 acemry the Destroyer (level 9, -5/45 HPs)
             Began as a Deep Elf Fire Elementalist on Sept 3, 2021.
             Shot with an arrow by a centaur (8 damage)
             ... on level 7 of the Dungeon.
             The game lasted 00:25:28 (8496 turns).

acemry the Destroyer (Deep Elf Fire Elementalist)   Turns: 8496, Time: 00:25:29

Health: -5/45      AC:  9    Str:  5    XL:     9   Next: 55%
Magic:  11/15      EV: 13    Int: 27    God:
Gold:   511        SH:  0    Dex: 18    Spells: 4/14 levels left

rFire    + + +     SeeInvis .   a - staff of fire
rCold    x . .     Faith    .   (no shield)
rNeg     + . .     Spirit   .   k - +2 robe {Will+}
rPois    +         Reflect  .   v - +0 helmet of the Desolation of Salt {Int+3 Dex+3}
rElec    .         Harm     .   E - +2 cloak
rCorr    .         Rampage  .   l - +0 pair of gloves
Will     +....                  (no boots)
Stlth    +++.......             o - amulet of Fillau {*Corrode rPois rF+ Regen+ Stlth+}
HPRegen  1.15/turn              B - ring of positive energy
MPRegen  0.14/turn              D - ring of fire

@: no status effects
A: no striking features
a: no special abilities


You were on level 7 of the Dungeon.
You visited 2 branches of the dungeon, and saw 8 of its levels.
You also visited: Sewer.

You collected 511 gold pieces.

Inventory:

Hand Weapons
 b - the +6 quick blade "Zolaran" {flame, rC+}
   (You acquired it on level 4 of the Dungeon)

   It burns those it strikes, dealing additional fire damage.
   rC:        It protects you from cold.
 i - a +1 spectral club
 I - a +2 shortbow of flaming
Missiles
 s - 4 datura-tipped darts
 J - 57 arrows
Armour
 k - a +2 robe of willpower (worn)
 l - a +0 pair of gloves (worn)
 n - a +0 robe
 v - the +0 helmet of the Desolation of Salt (worn) {Int+3 Dex+3}
   (You took it off Robin on level 4 of the Dungeon)

   Int:       It affects your intelligence (+3).
   Dex:       It affects your dexterity (+3).
 z - +0 steam dragon scales
 E - a +2 cloak (worn)
Magical Staves
 a - a staff of fire (weapon)
Jewellery
 c - a ring of resist corrosion
 o - the amulet of Fillau (around neck) {*Corrode rPois rF+ Regen+ Stlth+}
   (You acquired it on level 4 of the Dungeon)

   [amulet of regeneration]

   rF:        It protects you from fire.
   rPois:     It protects you from poison.
   Regen:     It increases your rate of health regeneration.
   *Corrode:  It may corrode you when you take damage.
   Stlth:     It makes you more stealthy.
 r - an amulet of guardian spirit
 B - a ring of positive energy (left hand)
 D - a ring of fire (right hand)
 H - an amulet of faith
Wands
 w - a wand of iceblast (16)
 x - a wand of charming (11)
 y - a wand of mindburst (8)
Scrolls
 j - 2 scrolls of teleportation
 C - a scroll of identify
Potions
 d - a potion of attraction {unknown}
 e - a potion of invisibility
 f - 3 potions of curing
 g - 2 potions of flight
 h - 2 potions of mutation
 m - 4 potions of lignification
 p - 2 potions of haste
 t - a potion of brilliance
 u - a potion of heal wounds {unknown}
 A - 2 potions of degeneration {unknown}
 F - 2 potions of might {unknown}


   Skills:
 - Level 2.4 Dodging
 - Level 2.4 Stealth
 - Level 3.0 Spellcasting
 + Level 11.9 Conjurations
 - Level 8.8 Fire Magic


You had 4 spell levels left.
You knew the following spells:

 Your Spells              Type           Power      Damage    Failure   Level
a - Foxfire               Conj/Fire      100%       2x1d9     1%          1
b - Sticky Flame          Conj/Fire      94%        2d10      1%          4
c - Fireball              Conj/Fire      47%        3d19      3%          5

Your spell library contained the following spells:

 Spells                   Type           Power      Damage    Failure   Level
 Magic Dart               Conj           100%       1d8       1%          1
 Conjure Flame            Conj/Fire      94%        6-21      1%          3
 Stone Arrow              Conj/Erth      72%        3d11      2%          3
 Inner Flame              Hex/Fire       58%        N/A       4%          3
 Mephitic Cloud           Conj/Pois/Air  25%        N/A       5%          3
 Beastly Appendage        Tmut           8%         N/A       9%          1
 Call Imp                 Summ           4%         N/A       13%         2
 Sublimation of Blood     Necr           2%         N/A       13%         2
 Wereblood                Tmut           4%         N/A       13%         2
 Spider Form              Tmut/Pois      2%         N/A       26%         3
 Animate Armour           Summ/Erth      8%         N/A       65%         4
 Iskenderun's Battlesphe  Conj           62%        2d11      1%          5
 Orb of Destruction       Conj           31%        9d12      50%         7
 Conjure Ball Lightning   Conj/Air       18%        3x3d6     75%         6
 Summon Hydra             Summ           2%         N/A       100%        7
 Lehudib's Crystal Spear  Conj/Erth      18%        10d5      100%        8


Dungeon Overview and Level Annotations

Branches:
Dungeon (7/15)             Temple (1/1) D:5           Sewer (visited)

Altars:
Ashenzari
Cheibriados
Dithmenos
Elyvilon
Fedhas
Gozag
Hepliaklqana
Kikubaaqudgha
Makhleb
Nemelex Xobeh
Okawaru
Qazlal
Ru
Sif Muna
Trog
Uskayaw
Vehumet
Wu Jian
Xom
Yredelemnul
Zin
The Shining One


Message History

The centaur shoots an arrow.
The arrow barely misses you.
The centaur shoots an arrow.
The arrow closely misses you.
You feel a strong surge of power!
You conjure some foxfire!
The foxfire hits the centaur!
The centaur is moderately wounded.
A centaur comes into view.
The centaur shoots an arrow.
The arrow barely misses you.
The foxfire hits the centaur.
The centaur is lightly wounded.
The centaur shoots an arrow.
The arrow hits you!
A centaur comes into view.
The centaur shoots an arrow.
The arrow hits you but does no damage.
You feel a strong surge of power!
You conjure some foxfire!
A centaur comes into view.
You feel a strong surge of power!
You conjure some foxfire!
The foxfire hits the centaur.
The centaur is severely wounded.
The foxfire hits the centaur.
The centaur is moderately wounded.
The centaur shoots an arrow.
The arrow hits you.
A centaur comes into view.
You feel a strong surge of power!
You conjure some foxfire!
The foxfire hits the centaur.
The centaur is severely wounded.
The centaur wields a +0 shortbow.
The centaur shoots an arrow.
The arrow hits you.
The centaur wields a +0 shortbow.
The centaur shoots an arrow.
The arrow hits you.
The centaur wields a +0 shortbow.
The centaur shoots an arrow.
The arrow hits you.
* * * LOW HITPOINT WARNING * * *
The centaur shoots an arrow.
The arrow hits you.
* * * LOW HITPOINT WARNING * * *
The centaur shoots an arrow.
The arrow hits you.
* * * LOW HITPOINT WARNING * * *
The foxfire hits the centaur.
The centaur is heavily wounded.
The foxfire hits the centaur.
The centaur is severely wounded.
The centaur shoots an arrow.
The arrow hits you!
You die...

#.<.....≈≈≈≈≈≈≈≈≈≈.....
#.......≈≈≈≈≈≈≈≈≈≈≈cccc
#.......≈≈≈≈≈≈≈≈≈≈≈≈≈cc
#........≈≈≈≈≈≈≈≈§§vv≈≈
#.........##≈≈≈≈§§§§≈≈≈
#.........##...§≈§v≈≈≈≈
#.............§§§§≈≈≈..
######.....)..§§§.....#
#+#####..@§#######
#....##..§§##
#...........#
#...........#
#...........#
###..#.....##
##########


You could see 4 centaurs.

Vanquished Creatures
  Maggie (D:6)
  Grinder (D:3)
  Sigmund (D:2)
  Edmund (D:5)
  A water moccasin (Sewer)
  Duvessa (D:6)
  Purgy (D:4)
  2 ice beasts
  A necrophage (D:4)
  2 centaurs (D:6)
  2 ogres
  Blork the orc (D:4)
  A bullfrog (D:6)
  2 scorpions
  Dowan (D:6)
  A wyvern skeleton (D:6)
  5 wights (D:4)
  An electric eel (D:6)
  2 orc priests (D:4)
  4 hounds
  A bullfrog skeleton (D:5)
  Jessica (D:2)
  Ijyb (D:4)
  Natasha (thrice) (D:2)
  2 iguanas
  5 orc wizards
  A hound skeleton (D:4)
  Robin (D:4)
  9 adders
  4 gnolls (D:2)
  A white imp (D:5)
  A worm (D:3)
  A dart slug (D:5)
  20 orcs
  7 ball pythons
  3 endoplasms
  A giant cockroach (D:2)
  15 goblins
  3 hobgoblins
  4 jackals (D:3)
  6 bats
  2 frilled lizards
  4 kobolds
  5 rats
133 creatures vanquished.

Vanquished Creatures (others)
  728 foxfires
  14 plants (D:6)
742 creatures vanquished.

Grand Total: 875 creatures vanquished

Notes
Turn   | Place    | Note
-------+----------+-------------------------------------------
     0 | D:1      | acemry the Deep Elf Fire Elementalist began the quest for
                  | the Orb.
     0 | D:1      | Reached XP level 1. HP: 10/10 MP: 6/6
    67 | D:1      | Found a faded altar of an unknown god.
   745 | D:2      | Reached XP level 2. HP: 15/15 MP: 2/8
   984 | D:2      | Reached XP level 3. HP: 13/19 MP: 2/9
  1108 | D:2      | Reached skill level 2 in Conjurations
  1108 | D:2      | Reached skill level 5 in Fire Magic
  1108 | D:2      | Reached XP level 4. HP: 24/24 MP: 4/10
  1673 | D:2      | Noticed Natasha
  1673 | D:2      | Noticed Jessica
  1679 | D:2      | Killed Natasha
  1688 | D:2      | Killed Jessica
  1913 | D:2      | Reached XP level 5. HP: 28/28 MP: 7/11
  2162 | D:2      | Noticed Sigmund
  2171 | D:2      | Killed Sigmund
  2172 | D:2      | Reached skill level 3 in Conjurations
  2172 | D:2      | Reached XP level 6. HP: 32/32 MP: 3/12
  2334 | D:2      | Noticed Natasha
  2337 | D:2      | Killed Natasha
  2338 | D:2      | Reached skill level 4 in Conjurations
  2396 | D:2      | Noticed Natasha
  2400 | D:2      | Killed Natasha
  2809 | D:3      | Noticed Grinder
  2830 | D:3      | Killed Grinder
  2831 | D:3      | Reached skill level 5 in Conjurations
  2831 | D:3      | Reached XP level 7. HP: 36/36 MP: 6/13
  3620 | D:3      | Learned a level 4 spell: Sticky Flame
  3626 | D:3      | Learned a level 5 spell: Fireball
  3993 | D:4      | Reached skill level 6 in Conjurations
  4109 | D:4      | Identified 3 scrolls of acquirement
  4109 | D:4      | Acquired the amulet of Fillau {*Corrode rPois rF+ Regen+
                  | Stlth+}
  4110 | D:4      | Acquired the +6 quick blade "Zolaran" {flame, rC+}
  4117 | D:4      | Acquired a book of the Spheres
  4138 | D:4      | Noticed Blork the orc
  4144 | D:4      | Killed Blork the orc
  4180 | D:4      | Reached XP level 8. HP: 41/41 MP: 8/14
  4462 | D:4      | Identified the +0 helmet of the Desolation of Salt {Int+3
                  | Dex+3}
  4462 | D:4      | Noticed Robin
  4471 | D:4      | Found a burning altar of Makhleb.
  4481 | D:4      | Killed Robin
  4683 | D:4      | Reached skill level 7 in Conjurations
  4952 | D:4      | Noticed Purgy
  4960 | D:4      | Killed Purgy
  4961 | D:4      | Reached skill level 8 in Conjurations
  5018 | D:4      | Noticed Ijyb
  5026 | D:4      | Killed Ijyb
  5351 | D:5      | Entered Level 5 of the Dungeon
  5702 | D:5      | Found a glowing drain.
  5741 | Sewer    | Entered a sewer
  5889 | Sewer    | Reached skill level 9 in Conjurations
  5991 | D:5      | Found a staircase to the Ecumenical Temple.
  6012 | Temple   | Entered the Ecumenical Temple
  6289 | D:5      | Noticed Edmund
  6296 | D:5      | Killed Edmund
  6685 | D:6      | Reached XP level 9. HP: 45/45 MP: 10/15
  6739 | D:6      | Noticed Maggie
  6754 | D:6      | Killed Maggie
  6755 | D:6      | Reached skill level 10 in Conjurations
  7255 | D:6      | Noticed Duvessa
  7282 | D:6      | Noticed Dowan
  7299 | D:6      | Killed Duvessa
  7300 | D:6      | Reached skill level 11 in Conjurations
  7326 | D:6      | Killed Dowan
  8141 | D:6      | Identified the +8 dagger "Zisaulic" {freeze, rPois Str-3
                  | Int+2}
  8495 | D:7      | HP: 1/45 [centaur/arrow (6)]
  8496 | D:7      | Shot with an arrow by a centaur

Illustrated notes

Levels and vault maps discovered:
D:1:      sevenhm_arrival_forest_fort_small_5, layout_loops_ring,
          hellmonk_ecumenical_altar_run_dry, nrook_mini_backslash
D:2:      kennysheep_six_static_rooms, layout_basic, uniq_sigmund, uniq_natasha,
          uniq_jessica
D:3:      layout_rooms, uniq_grinder
D:4:      layout_gridville, old_standard_altar, uniq_purgy, uniq_ijyb,
          uniq_robin, uniq_blork_the_orc
D:5:      layout_rooms, minmay_temple_entry_large_hall, gup_sewer_entry_glass,
          uniq_edmund
D:6:      layout_loops_corners, fountainhead, serial_bayou_ford_a, uniq_maggie,
          uniq_duvessa
D:7:      layout_gridville, minmay_misc_feat_room, centaur_isle
Temple:   nicolae_temple_the_god_donut

Skill      XL: |  1  2  3  4  5  6  7  8  9 |
---------------+----------------------------+-----
Fire Magic     | 4 5 6 7 8 |  8.8
Conjurations   | 2 3 5 6 9 11 | 11.9
Dodging        | |  2.4
Stealth        | |  2.4
Spellcasting   | |  3.0

Action                   |  1- 3 |  4- 6 |  7- 9 || total
-------------------------+-------+-------+-------++-------
Melee: Unarmed           |       |     1 |       ||     1
       Staff             |       |       |    23 ||    23
 Cast: Foxfire           |    37 |    86 |   327 ||   450
Evoke: Wand              |       |       |     3 ||     3
  Use: Scroll            |       |     3 |    15 ||    18
       Potion            |       |       |     2 ||     2
Armor: Robe              |       |     3 |    22 ||    25
Dodge: Dodged            |     9 |    10 |    53 ||    72
